AoeStats
← Peppenwolf

Black Forest

507345435Analyzed
2v2 RM · 15d ago on Sep 17, 2026· 45m 30s· 4 players
Game mode
Random Map
Map size
Medium (4 player)
Population
200
Speed
Normal
Resources
Standard
Victory
Conquest
Starting age
Dark Age
Ending age
Imperial Age
RankedLock teamsTeams togetherTeam positionsShared explorationLock speedFull tech treeHidden civsTurbo modeCheats
Victory
Defeat
🇳🇴 Koreans · Norway
1040
+13
🇳🇴 Persians · Norway
982
+15
🇨🇭 Khmer · Switzerland
991
-15
🇨🇭 Franks · Switzerland
937
-13
Peppenwolf
0:53 Loom
13:32 Feudal Age
14:08 Stone Mining
14:20 Gold Mining
14:22 Double-Bit Axe
21:30 Castle Age
22:42 Bow Saw
23:12 Gold Shaft Mining
28:08 Imperial Age
29:38 Conscription
29:39 Forging
32:32 Wheelbarrow
31:49 Cavalier
33:28 Iron Casting
33:48 Hand Cart
33:50 Caravan
34:00 Town Watch
34:54 Scale Barding Armor
36:53 Blast Furnace
37:48 Chain Barding Armor
39:23 Plate Barding Armor
39:42 Paladin
41:04 Scale Mail Armor
40:55 Fletching
40:28 Pikeman
42:05 Chain Mail Armor
42:51 Halberdier
WatchMyVillager
1:05 Loom
14:35 Feudal Age
15:38 Double-Bit Axe
15:34 Horse Collar
15:49 Stone Mining
15:50 Gold Mining
23:14 Castle Age
24:58 Bow Saw
25:08 Heavy Plow
28:21 Gold Shaft Mining
28:43 Fortified Wall
28:57 Ballistics
29:51 Caravan
30:24 Town Watch
35:37 Imperial Age
35:43 Heavy Scorpion
38:44 Chemistry
37:46 Double Crossbow
Dahobbes
12:31 Feudal Age
16:41 Castle Age
14:29 Horse Collar
15:27 Double-Bit Axe
21:32 Heavy Plow
25:56 Stone Mining
25:57 Gold Mining
26:23 Bow Saw
29:44 Stone Shaft Mining
29:44 Gold Shaft Mining
29:59 Wheelbarrow
29:29 Caravan
31:39 Hand Cart
34:54 Imperial Age
32:56 Forging
32:52 Scale Barding Armor
34:43 Iron Casting
34:46 Elite War Elephant
36:38 Blast Furnace
35:59 Chain Barding Armor
36:59 Conscription
37:42 Bloodlines
37:47 Husbandry
40:11 Crop Rotation
40:59 Plate Barding Armor
fleske jaon
1:38 Loom
11:54 Feudal Age
15:51 Castle Age
13:46 Horse Collar
14:16 Double-Bit Axe
17:18 Heavy Plow
17:31 Bow Saw
22:16 Wheelbarrow
23:34 Gold Mining
25:12 Stone Mining
25:59 Gold Shaft Mining
26:43 Hand Cart
27:21 Stone Shaft Mining
31:37 Imperial Age
29:48 Scale Mail Armor
30:00 Forging
29:41 Treadmill Crane
29:58 Pikeman
30:55 Caravan
31:40 Chain Mail Armor
32:00 Iron Casting
32:09 Squires
32:02 Arson
33:25 Conscription
33:18 Town Watch
33:19 Heavy Rocket Cart
34:32 Halberdier
35:27 Siege Engineers
36:23 Chemistry
36:40 Plate Mail Armor
40:45 Ballistics
40:22 Murder Holes
40:26 Fletching
Connection lost

Rejoining the realm…

Still unreachable

The connection could not be restored.

Session expired

The server has moved on; the page needs a fresh start.